 Dungeon Crawl Stone Soup version 0.29-a0-23-ga79f92ac9c (webtiles) character file.

Game seed: 800589340221466295

49 Ajdolov the Stinger (level 3, -2/21 HPs)
             Began as an Octopode Venom Mage on Jan 30, 2022.
             Slain by a gnoll (9 damage)
             ... on level 3 of the Dungeon.
             The game lasted 00:06:44 (2620 turns).

Ajdolov the Stinger (Octopode Venom Mage)           Turns: 2620, Time: 00:06:44

Health: -2/21      AC:  1    Str:  7    XL:     3   Next: 77%
Magic:  3/6        EV: 13    Int: 19    God:
Gold:   66         SH:  0    Dex: 12    Spells: 3/6 levels left

rFire   . . .      SeeInvis .   (no weapon)
rCold   . . .      Faith    .   (no shield)
rNeg    . . .      Spirit   .   (helmet restricted)
rPois   .          Reflect  .   (no amulet)
rElec   .          Harm     .   (no ring)
rCorr   .          Rampage  .   (no ring)
Will    .....                   (no ring)
Stlth   +++.......              (no ring)
HPRegen 0.07/turn               (no ring)
MPRegen 0.10/turn               (no ring)
                                (no ring)
                                (no ring)

@: no status effects
A: almost no armour, amphibious, 8 rings, camouflage 1, gelatinous body 1,
(nimble swimmer 1), tentacles
a: no special abilities


You were on level 3 of the Dungeon.
You visited 1 branch of the dungeon, and saw 4 of its levels.

You collected 66 gold pieces.

Inventory:

Magical Staves
 e - a staff of air
Scrolls
 a - 2 scrolls of fog {unknown}
 d - a scroll of enchant armour {unknown}
 f - 2 scrolls of amnesia {unknown}
 h - a scroll of holy word {unknown}
Potions
 b - 4 potions of haste {unknown}
 c - a potion of mutation {unknown}
 g - a potion of flight {unknown}


   Skills:
 - Level 2.0 Dodging
 + Level 3.6 Stealth
 + Level 2.4 Spellcasting
 - Level 1.0 Transmutations
 * Level 4.7 Poison Magic


You had 3 spell levels left.
You knew the following spells:

 Your Spells              Type           Power      Damage    Failure   Level
a - Sting                 Tmut/Pois      52%        1d5       4%          1
b - Poisonous Vapours     Pois/Air       22%        N/A       10%         2

Your spell library contained the following spells:

 Spells                   Type           Power      Damage    Failure   Level
 Mephitic Cloud           Conj/Pois/Air  8%         N/A       26%         3
 Olgreb's Toxic Radiance  Pois           20%        N/A       22%         4
 Summon Forest            Summ/Tloc      1%         N/A       99%         5
 Eringya's Noxious Bog    Tmut/Pois      6%         N/A       100%        6
 Summon Hydra             Summ           1%         N/A       100%        7


Dungeon Overview and Level Annotations

Branches:
Dungeon (4/15)
 Temple: D:4-7

Altars:

Annotations:
D:3 1 runed translucent door, Crazy Yiuf


Innate Abilities, Weirdness & Mutations

You cannot wear most types of armour.
You are amphibious.
You can wear up to eight rings at the same time.
Your skin changes colour to match your surroundings (Stealth+).
Your rubbery body absorbs attacks. (AC +1, EV +1)
((You are camouflaged when in or above water. (Stealth+)))
You have tentacles for arms and can constrict up to eight enemies at once.


Message History

You climb upwards.
There is a stone staircase leading down here.
There is a stone staircase leading down here.
You climb downwards.
Level annotation: 1 runed translucent door, Crazy Yiuf
There is a stone staircase leading up here.
You see here a hobgoblin corpse.
As you open the door, it creaks loudly!
There is an open door here.
A hobgoblin comes into view.
Found a stone staircase leading down.
A gnoll comes into view. It is wielding a +0 whip.
Aiming: Sting (safe; 4% risk of failure)
Press: ? - help, Q - select action, (/) - cycle Shift-Dir - straight line, f - gnoll
Aim: a gnoll, wielding a +0 whip (wandering, hasn't noticed you, 75% to hit)
The sting hits the gnoll.
The gnoll is poisoned.
The gnoll is lightly wounded.
The gnoll shouts!
The hobgoblin shouts!
You hear a shout!
A gnoll comes into view. It is wielding a +0 halberd.
Casting: Sting (safe; 4% risk of failure)
Confirm with . or Enter, or press ? or * to list all spells.
Aiming: Poisonous Vapours (safe; 10% risk of failure)
Press: ? - help, Dir - move target, f/p - gnoll
Aim: a gnoll, wielding a +0 whip (lightly wounded, poisoned) Poisonous vapours surround the gnoll!
The gnoll looks even sicker.
The gnoll hits you with a +0 whip! The gnoll hits you with a +0 whip!
* * * LOW HITPOINT WARNING * * *
There is an open door here.
A gnoll comes into view. It is wielding a +1 antimagic spear.
The gnoll looks more healthy.
Casting: Poisonous Vapours (safe; 10% risk of failure)
Confirm with . or Enter, or press ? or * to list all spells.
Aiming: Poisonous Vapours (safe; 10% risk of failure)
Press: ? - help, Dir - move target, f/p - gnoll
Aim: a gnoll, wielding a +0 whip (severely wounded) Poisonous vapours surround the gnoll!
The gnoll is poisoned.
The gnoll hits you with a +0 whip!
You die...

##.....# ##.# #.# #.......#
.#.....# #.###.# #...##..#
.####### #..##.####g..##..#
..#
########.##............#
..#
#.........#..########.##
..###.........#.g# #.#
....#............# #.#
....#...........g########.#
....#######....>@.........#
....# #...##.##########
...... #...##'#### '##...#
###.......# .##...#
#.......# ..# #.......# ..#
#.......# ..# #.......#
#'## #.......#


You could see a gnoll (poisoned) and a hobgoblin.

Vanquished Creatures
  A worm (D:3)
  2 dart slugs (D:1)
  2 orcs (D:3)
  3 ball pythons
  5 bats
  4 endoplasms
  A giant cockroach (D:2)
  A goblin (D:1)
  7 hobgoblins
  2 kobolds (D:1)
  3 quokkas (D:1)
  A frilled lizard (D:1)
  3 rats (D:1)
35 creatures vanquished.

Vanquished Creatures (others)
  5 plants (D:3)
5 creatures vanquished.

Grand Total: 40 creatures vanquished

Notes
Turn   | Place    | Note
-------+----------+-------------------------------------------
     0 | D:1      | Ajdolov the Octopode Venom Mage began the quest for the
                  | Orb.
     0 | D:1      | Reached XP level 1. HP: 11/11 MP: 3/3
   285 | D:1      | Reached skill level 4 in Poison Magic
   285 | D:1      | Reached XP level 2. HP: 14/17 MP: 1/5
   821 | D:1      | Reached XP level 3. HP: 20/21 MP: 4/6
  1521 | D:2      | Found a faded altar of an unknown god.
  1946 | D:3      | Found a runed translucent door.
  1947 | D:3      | Noticed Crazy Yiuf
  2171 | D:3      | Noticed a phantom
  2196 | D:4      | Noticed a killer bee
  2453 | D:3      | Learned a level 2 spell: Poisonous Vapours
  2620 | D:3      | Slain by a gnoll

Illustrated notes

Levels and vault maps discovered:
D:1:      saegor_arrival_miasma, layout_loops_corners
D:2:      layout_rooms, shapermc_ecumenical_altar_acropolis
D:3:      layout_basic, nicolae_elyvilon_temple_path, uniq_crazy_yiuf_cottage
D:4:      layout_loops_corners, minmay_misc_feat_iff

Skill      XL: |  1 |
---------------+----+-----
Stealth        | 3 |  3.6
Poison Magic   | 4 |  4.7
Dodging        | |  2.0
Spellcasting   | |  2.4
Transmutations | |  1.0

Action                   || total
-------------------------++-------
Melee: Unarmed           ||    41
       Tentacles         ||     8
       Constrict         ||     7
 Cast: Sting             ||    46
       Poisonous Vapours ||     2
 Stab: Sleeping          ||     1
Armor: Skin              ||     6
Dodge: Dodged            ||    27

Table legend: (Time is in decaauts)
 A = Elapsed time spent in this place.
 B = Non-inter-level travel time spent in this place.
 C = Inter-level travel time spent in this place.
 D = Time resting spent in this place.
 E = Time spent auto-exploring this place.
 F = Levels seen in this place.
 G = Mean time per level.
                   A        B        C        D        E       F      G
               +--------+--------+--------+--------+--------+-----+--------+
         Total |   2621 |   2520 |    101 |    194 |   1823 |   4 |  655.2 |
       Dungeon |   2621 |   2520 |    101 |    194 |   1823 |   4 |  655.2 |
               +--------+--------+--------+--------+--------+-----+--------+

Top non-repeatable levels by time:
     D:1: 1328 daAuts
     D:2: 702 daAuts
     D:3: 589 daAuts
     D:4: 1 daAuts
